 Dungeon Crawl Stone Soup version 0.32-a0-931-g5a2cda0630 (webtiles) character file.

Game seed: 13637490377295421855

653 flinch the Changeling (level 7, -7/71 HPs)
             Began as an Oni Shapeshifter on Apr 13, 2024.
             Was a Priest of Beogh.
             Mangled by Orkidu the orc apostle
             ... wielding the +1 flail of the Conjuring Moth {holy, Dex+4}
              (16 damage)
             ... on level 3 of the Dungeon.
             The game lasted 00:06:27 (2825 turns).

flinch the Changeling (Oni Shapeshifter)            Turns: 2825, Time: 00:06:28

Health: -7/71      AC:  3    Str: 21    XL:     7   Next: 54%
Magic:  8/8        EV:  8    Int: 11    God:    Beogh [***...]
Gold:   71         SH:  0    Dex:  8    Spells: 6/6 levels left

rFire   . .          .
                       - Unarmed
rCold   . . .        (no shield)
rNeg    . . .        a - +0 animal skin
rPois   .            (helmet currently unavailable)
rElec   .            (cloak currently unavailable)
rCorr   .            (gloves unavailable)
SInv    .            (boots unavailable)
Will    .....        e - amulet of regeneration
Stlth   +            (no ring)
HPRegen 1.11/turn    (no ring)
MPRegen 0.11/turn

%: no passive effects
@: beast-form
A: beast (slay +2), large, unfitting armour, horns 1, tough skin 1, double
potion healing, drunken brawling
a: Begin Untransformation, Renounce Religion, Smiting, Recall Apostles, Dismiss
Hilgar, priest


You were on level 3 of the Dungeon.
You worshipped Beogh.
Beogh was most pleased with you.
You were a hulking beast.
You visited 1 branch of the dungeon, and saw 4 of its levels.

You collected 240 gold pieces.
You spent 169 gold pieces at shops.

Inventory:

Missiles
 k - 22 stones (quivered)
 n - 13 poisoned darts
Armour
 a - a +0 animal skin (worn)
 l - a scarf of harm
 t - a +0 cloak
Jewellery
 e - an amulet of regeneration (around neck)
 s - an amulet of magic regeneration
Talismans
 c - a beast talisman (active)
 d - a flux talisman
 f - a granite talisman
 r - a serpent talisman
Wands
 y - a wand of polymorph (4)
Scrolls
 g - a scroll of noise {unknown}
 h - a scroll of vulnerability {unknown}
 i - 2 scrolls of teleportation {unknown}
 m - a scroll of revelation {unknown}
 p - 2 scrolls of blinking
 u - a scroll of enchant armour {unknown}
 v - 2 scrolls of silence {unknown}
 z - a scroll of identify
Potions
 b - a potion of lignification
 j - a potion of heal wounds
 o - a potion of attraction {unknown}
 q - a potion of brilliance {unknown}
 w - a potion of mutation
 x - 2 potions of curing {unknown}


   Skills:
 + Level 4.4 Fighting
 - Level 1.2 Throwing
 - Level 1.7 Dodging
 - Level 1.0 Stealth
 * Level 5.0 Unarmed Combat
 + Level 2.1 Invocations
 * Level 5.1 Shapeshifting


You had 6 spell levels left.
You didn't know any spells.
Your spell library was empty.

Dungeon Overview and Level Annotations

Branches:
Dungeon (4/15)
 Temple: D:4-7

Altars:
Elyvilon
Beogh

Shops:
D:1 =   D:4 *


Innate Abilities, Weirdness & Mutations

You are a hulking beast.
Your limbs bulge with bestial killing power. (Slay +2)
Your facial features look somewhat orcish.
You are too large for most types of armour.
You have a pair of small horns on your head.
You have tough skin. (AC +1)
You gain doubled healing and magic from potions.
Whenever you drink a healing potion, you attack all around you.


Message History

Unknown command.
Orkidu utters an invocation to Beogh.
Orkidu's wounds begin to rapidly close.
Hilgar mumbles some strange prayers to Beogh.
You swap places.
Orkidu hits you with the +1 flail of the Conjuring Moth.
Your scorpion completely misses Orkidu.
Orkidu mumbles some strange prayers to Beogh against you.
Beogh smites you!
Your scorpion stings Orkidu.
You hit Orkidu. You headbutt Orkidu.
Orkidu is moderately wounded.
Orkidu hits you with the +1 flail of the Conjuring Moth!
* * * LOW HITPOINT WARNING * * *
Hilgar hits Orkidu with the +1 hand axe "Upeyrgh".
Hilgar freezes Orkidu.
Your scorpion stings Orkidu.
Unknown command.
You barely miss Orkidu.
Orkidu is heavily wounded.
Orkidu completely misses you.
Your scorpion barely misses Orkidu.
Hilgar hits Orkidu with the +1 hand axe "Upeyrgh".
Hilgar freezes Orkidu.
Unknown command.
You closely miss Orkidu.
Orkidu is heavily wounded.
Orkidu barely misses you.
Your scorpion barely misses Orkidu.
Hilgar utters an invocation to Beogh.
Unknown command.
You hit Orkidu.
Orkidu is heavily wounded.
Your scorpion stings Orkidu but does no damage.
Orkidu hits you with the +1 flail of the Conjuring Moth!
* * * LOW HITPOINT WARNING * * *
Hilgar hits Orkidu with the +1 hand axe "Upeyrgh".
Hilgar freezes Orkidu.
You hit Orkidu. Your headbutt misses Orkidu.
Orkidu is heavily wounded.
Your scorpion completely misses Orkidu.
Orkidu hits you with the +1 flail of the Conjuring Moth!
You die...
Beogh appreciates Orkidu's killing of a heretic priest.

##############
.......).....#
############†#
## # #.# .. #
#.######.# #
#...#hos.# #
###.#o#### #
#.s.# # #####
## .### .#.#


You could see Orkidu the orc apostle (regenerating, very poisoned, ally target,
divinely empowered), the friendly Hilgar the orc apostle and 2 friendly
scorpions.

Vanquished Creatures
  An ogre (D:4)
  2 hounds (D:4)
  4 orc priests
  Jessica (D:2)
  An iguana (D:4)
  Terence (D:2)
  Natasha (thrice) (D:2)
  A gnoll (D:1)
  4 adders
  A ribbon worm (D:3)
  2 dart slugs (D:3)
  5 orcs
  9 endoplasms
  5 giant cockroaches
  8 goblins
  6 hobgoblins
  7 jackals
  3 kobolds
  3 quokkas
  5 ball pythons
  5 bats
  A frilled lizard (D:3)
  2 rats
80 creatures vanquished.

Vanquished Creatures (collateral kills)
  An orc priest (D:3)
  2 orc wizards (D:3)
  2 adders
  A ribbon worm (D:4)
  A bat (D:3)
  A hobgoblin (D:3)
8 creatures vanquished.

Vanquished Creatures (others)
  A phantom (D:4)
  2 orcs (D:4)
3 creatures vanquished.

Grand Total: 91 creatures vanquished

Notes
Turn   | Place    | Note
-------+----------+-------------------------------------------
     0 | D:1      | flinch the Oni Shapeshifter began the quest for the Orb.
     0 | D:1      | Reached XP level 1. HP: 19/19 MP: 1/1
    87 | D:1      | Found Diarchih's One-of-a-Kind Rings.
   399 | D:1      | Reached XP level 2. HP: 28/28 MP: 2/2
   457 | D:1      | Found a faded altar of an unknown god.
   464 | D:1      | Prayed at the altar of an unknown god.
   464 | D:1      | Became a worshipper of Beogh the Shepherd
   464 | D:1      | Reached * piety under Beogh
   600 | D:1      | Reached XP level 3. HP: 13/35 MP: 3/3
   787 | D:2      | Noticed Natasha
   796 | D:2      | Killed Natasha
   851 | D:2      | Reached XP level 4. HP: 44/44 MP: 4/4
   929 | D:2      | Noticed Jessica
   933 | D:2      | Killed Jessica
  1102 | D:2      | Found a white marble altar of Elyvilon.
  1128 | D:2      | Noticed Natasha
  1131 | D:2      | Noticed Terence
  1148 | D:2      | Killed Natasha
  1149 | D:2      | Reached XP level 5. HP: 38/52 MP: 5/5
  1158 | D:2      | Killed Terence
  1462 | D:2      | Noticed Natasha
  1469 | D:2      | Killed Natasha
  1685 | D:3      | Reached ** piety under Beogh
  1730 | D:3      | Reached skill level 1 in Throwing
  1733 | D:3      | Reached XP level 6. HP: 30/61 MP: 6/6
  2166 | D:4      | Reached *** piety under Beogh
  2201 | D:4      | Identified the +1 hand axe "Upeyrgh" {freeze, Str+2}
  2201 | D:4      | Noticed Hilgar
  2203 | D:4      | Reached skill level 1 in Invocations
  2226 | D:4      | Reached XP level 7. HP: 62/68 MP: 7/7
  2226 | D:4      | Anointed Hilgar the priest as your apostle
  2257 | D:4      | Reached skill level 1 in Stealth
  2387 | D:4      | Found Ageen's Assorted Antiques.
  2395 | D:4      | Bought an inky potion for 22 gold pieces
  2395 | D:4      | Bought a brown potion for 22 gold pieces
  2395 | D:4      | Bought a scroll labelled RUROGO NO YWNUN for 25 gold pieces
  2395 | D:4      | Bought a copper wand for 100 gold pieces
  2523 | D:3      | Reached skill level 5 in Shapeshifting
  2578 | D:3      | Reached skill level 5 in Unarmed Combat
  2806 | D:3      | Identified the +1 flail of the Conjuring Moth {holy, Dex+4}
  2806 | D:3      | Noticed Orkidu
  2825 | D:3      | Mangled by Orkidu the orc apostle

Illustrated notes

Levels and vault maps discovered:
D:1:      minmay_arrival_four_loops, layout_basic,
          dreamdust_ecumenical_altar_angels_and_demons, nicolae_eternal_life,
          nicolae_shop_unique_rings
D:2:      layout_loops_corners, basic_altar, uniq_natasha, uniq_jessica,
          uniq_terence
D:3:      minmay_chambers_of_twos, layout_basic, uniq_grinder
D:4:      cheibrodos_pilgrimage, layout_loops_ring, serial_shops,
          nicolae_shop_pleasant_corner_grove, minmay_pentangle

Skill      XL: |  1  2  3  4  5  6  7 |
---------------+----------------------+-----
Unarmed Combat | 3 4 5 |  5.0
Fighting       | 2 3 4 |  4.4
Shapeshifting  | 4 5 |  5.1
Throwing       | 1 |  1.2
Invocations    | 1 2 |  2.1
Stealth        | 1 |  1.0
Dodging        | |  1.7

Action                     |  1- 3 |  4- 6 |  7- 9 || total
---------------------------+-------+-------+-------++-------
  Melee: Unarmed           |    48 |   148 |    48 ||   244
         Headbutt          |     7 |    25 |     7 ||    39
         Punch             |     3 |     6 |     1 ||    10
  Throw: Dart              |       |     1 |       ||     1
 Invoke: Recruit Apostle   |       |       |     1 ||     1
    Use: Scroll            |       |     4 |       ||     4
         Potion            |       |     2 |       ||     2
   Stab: Sleeping          |       |     1 |     1 ||     2
         Distracted        |       |       |     1 ||     1
 Armour: Animal skin       |    31 |    93 |    24 ||   148
  Dodge: Dodged            |    20 |    58 |    18 ||    96
   Form: Statue            |       |     1 |       ||     1
         Serpent           |       |     1 |       ||     1
         Beast             |       |     1 |       ||     1
         Flux              |       |     1 |       ||     1

Table legend: (Time is in decaauts)
 A = Elapsed time spent in this place.
 B = Non-inter-level travel time spent in this place.
 C = Inter-level travel time spent in this place.
 D = Time resting spent in this place.
 E = Time spent auto-exploring this place.
 F = Levels seen in this place.
 G = Mean time per level.
                   A        B        C        D        E       F      G
               +--------+--------+--------+--------+--------+-----+--------+
         Total |   2810 |   2690 |    120 |    118 |   1913 |   4 |  702.5 |
       Dungeon |   2810 |   2690 |    120 |    118 |   1913 |   4 |  702.5 |
               +--------+--------+--------+--------+--------+-----+--------+

Top non-repeatable levels by time:
     D:2: 960 daAuts
     D:1: 711 daAuts
     D:3: 682 daAuts
     D:4: 457 daAuts
